 Dungeon Crawl Stone Soup version 0.24-a0-397-g73b976d855 (webtiles) character file.

Game seed: 15019508077519150852

337 MrOobling the Sneak (level 6, -2/28 HPs)
             Began as a Spriggan Enchanter on June 4, 2019.
             Slain by a scorpion (3 damage)
             ... on level 3 of the Dungeon.
             The game lasted 00:22:58 (6489 turns).

MrOobling the Sneak (Spriggan Enchanter)            Turns: 6489, Time: 00:22:59

Health: -2/28      AC:  2    Str:  4    XL:     6   Next: 28%
Magic:  9/13       EV: 20    Int: 18    God:
Gold:   215        SH:  0    Dex: 17    Spells: 0/13 levels left

rFire    . . .     SeeInvis +   a - +1 dagger
rCold    . . .     Gourm    .   (shield restricted)
rNeg     . . .     Faith    .   b - +0 robe
rPois    .         Spirit   .   (helmet restricted)
rElec    .         Reflect  .   (no cloak)
rCorr    .         Harm     .   (gloves unavailable)
MR       +....                  (boots unavailable)
Stlth    +++.......             (no amulet)
HPRegen  0.09/turn              (no ring)
MPRegen  0.13/turn              (no ring)

@: lethally poisoned (-2 -> -12), very quick
A: very small, unfitting armour, see invisible, herbivore, speed 3, slow
metabolism 2
a: no special abilities


You were on level 3 of the Dungeon.
You were hungry.

You visited 1 branch of the dungeon, and saw 4 of its levels.
You also visited: Sewer.

You collected 215 gold pieces.

Inventory:

Hand Weapons
 a - a +1 dagger (weapon)
 o - a +0 short sword of venom
Armour
 b - a +0 robe (worn)
Jewellery
 h - an uncursed ring of see invisible {unknown}
Scrolls
 e - a scroll of fear {unknown}
 f - 2 scrolls of identify {unknown}
 g - 3 scrolls of enchant weapon {unknown}
 i - a scroll of noise {unknown}
 j - 2 scrolls of remove curse {unknown}
 l - 2 scrolls of teleportation {unknown}
 n - a scroll of blinking {unknown}
 q - a scroll of immolation {unknown}
Potions
 c - 4 potions of heal wounds {unknown}
 k - a potion of degeneration {unknown}
 m - 4 potions of curing {unknown}
 p - 3 potions of flight {unknown}
 r - a potion of lignification {unknown}
Comestibles
 d - 5 rations


   Skills:
 * Level 3.8 Short Blades
 + Level 4.8 Dodging
 + Level 6.1 Stealth
 + Level 4.1 Spellcasting
 + Level 4.8 Hexes
 + Level 0.1 Summonings


You couldn't memorise any spells.
You knew the following spells:

 Your Spells              Type           Power        Failure   Level  Hunger
a - Corona                Hex            ###....      1%          1    None
b - Ensorcelled Hibernat  Hex/Ice        ##....       9%          2    ##.....
c - Confuse               Hex            ###.....     6%          3    ###....
d - Dazzling Spray        Conj/Hex       ##....       16%         3    ###....
e - Summon Butterflies    Summ           #.......     14%         1    None
f - Tukima's Dance        Hex            ###.....     6%          3    ###....

Your spell library contained the following spells:

 Spells                   Type           Power        Failure   Level  Hunger
 Call Canine Familiar     Summ           #.......     38%         3    ###....
 Summon Ice Beast         Ice/Summ       #.......     80%         4    ####...
 Summon Mana Viper        Hex/Summ       ##......     82%         5    ######.
 Summon Hydra             Summ           #.........   100%        7    #######


Dungeon Overview and Level Annotations

Branches:
Dungeon (4/15)
 Temple: D:4-7

Altars:


Innate Abilities, Weirdness & Mutations

You are very small and have problems with some larger weapons.
You are too small for most types of armour.
You have supernaturally acute eyesight. (SInv)
You are a herbivore.
You cover ground extremely quickly.
You need to consume almost no food.


Message History

* * * LOW HITPOINT WARNING * * *
You feel sick.
* * * LOW HITPOINT WARNING * * *
You feel sick.
There is a stone staircase leading up here.
* * * LOW HITPOINT WARNING * * *
You feel sick. The scorpion misses you.
You climb upwards.
* * * LOW HITPOINT WARNING * * *
You feel sick.
There is a stone staircase leading down here.
Casting: Ensorcelled Hibernation (safe; 9% risk of failure)
Confirm with . or Enter, or press ? or * to list all spells.
Aiming: Ensorcelled Hibernation (safe; 9% risk of failure)
Press: ? - help, Shift-Dir - straight line, f - scorpion
Aim: a scorpion (heavily wounded, chance to defeat MR: 43%)
The scorpion resists with some effort.
* * * LOW HITPOINT WARNING * * *
You feel sick. The scorpion stings you.
You die...

#####...(....#≈#...........#
.####........#≈#...........#
.....(....#..#≈#...........#
..........#..#≈#...........##
..........##.#÷#............#
.............#≈#............#
.............#.###+#........#
#.........)..#≈###.#[[......#
'............###@s..........#####
#.............#####..........)...
...#####......# #..........####
...# #......#####..........#<#
...# ##.....................#.#
...####......................#.#
......#.......>.......#'####.#.##
......#.........(.....#.####.#...
......#....................#.####


You could see a scorpion.

Vanquished Creatures
  A big kobold (Sewer)
  An orc priest (D:4)
  An orc wizard (D:3)
  A worker ant (D:4)
  A worker ant zombie (D:4)
  6 adders
  A river rat (Sewer)
  3 worms (D:2)
  2 dart slugs (D:2)
  5 leopard geckos
  7 orcs
  5 giant cockroaches
  6 hobgoblins
  11 jackals
  A ball python (D:1)
  10 bats
  5 frilled lizards
  12 goblins
  12 kobolds
  6 rats
97 creatures vanquished.

Notes
Turn   | Place    | Note
-------+----------+-------------------------------------------
     0 | D:1      | MrOobling the Spriggan Enchanter began the quest for the
                  | Orb.
     0 | D:1      | Reached XP level 1. HP: 9/9 MP: 5/5
   243 | D:1      | Reached XP level 2. HP: 13/13 MP: 6/6
   270 | D:1      | Learned a level 2 spell: Ensorcelled Hibernation
  1372 | D:1      | Reached XP level 3. HP: 16/16 MP: 8/8
  1641 | D:1      | Reached skill level 5 in Stealth
  2342 | D:2      | Reached XP level 4. HP: 15/21 MP: 2/10
  2431 | D:2      | Learned a level 3 spell: Confuse
  2435 | D:2      | Learned a level 3 spell: Dazzling Spray
  3761 | D:3      | Reached XP level 5. HP: 15/24 MP: 4/11
  3912 | D:3      | Found a glowing drain.
  3941 | Sewer    | Entered a sewer
  4683 | Sewer    | Found a white marble altar of Elyvilon.
  5166 | D:4      | Reached skill level 6 in Stealth
  5782 | D:4      | Reached XP level 6. HP: 28/28 MP: 10/13
  6156 | D:4      | Learned a level 1 spell: Summon Butterflies
  6160 | D:4      | Learned a level 3 spell: Tukima's Dance
  6489 | D:3      | HP: 1/28 [poisoned by a scorpion]
  6489 | D:3      | Slain by a scorpion

Levels and vault maps discovered:
D:1:      tarquinn_simple_flora_water_a, layout_basic, minmay_tree_intersection,
          solitary_fountain
D:2:      layout_rooms, serial_glass, glass_columns_a, glass_columns_a,
          minivault_5
D:3:      layout_basic, portal_sewer_entry_d, first_ration
D:4:      layout_cave_pods, serial_glass, glass_columns_b, glass_columns_a,
          dk_noncrumbling_3, due_unseen_surprise

Skill      XL: |  1  2  3  4  5 |
---------------+----------------+-----
Spellcasting   | 3 4 |  4.1
Hexes          | 4 |  4.8
Stealth        | 5 6 |  6.1
Short Blades   | 2 3 |  3.8
Dodging        | 4 |  4.8
Summonings     | |  0.1

Action                   |  1- 3 |  4- 6 || total
-------------------------+-------+-------++-------
Melee: Dagger            |   172 |   272 ||   444
 Cast: Ensorcelled Hiber |    12 |    53 ||    65
       Confuse           |       |     1 ||     1
 Stab: Sleeping          |    18 |    29 ||    47
       Confused          |       |     1 ||     1
  Eat: Ration            |       |     3 ||     3
Armor: Robe              |    25 |    15 ||    40
Dodge: Dodged            |   140 |   249 ||   389

Table legend:
 A = Non-vault XP
 B = Vault XP
 C = Vault XP percentage of total XP
 D = Non-vault monster count
 E = Vault monster count
 F = Vault count percentage of total count
                 A         B        C        D         E       F
            +---------+---------+-------+---------+---------+-------
      Total |     349 |     133 |  27.6 |      86 |      11 |  11.3
            +---------+---------+-------+---------+---------+-------
        D:1 |      46 |       0 |   0.0 |      28 |       0 |   0.0
        D:2 |      90 |       0 |   0.0 |      30 |       0 |   0.0
        D:3 |      73 |      13 |  15.1 |      15 |       1 |   6.2
        D:4 |     140 |       0 |   0.0 |      13 |       0 |   0.0
      Sewer |       0 |     120 | 100.0 |       0 |      10 | 100.0
            +---------+---------+-------+---------+---------+-------
